 Dungeon Crawl Stone Soup version 0.27.1-2-g3b301248ec (webtiles) character file.

Game seed: 18081224460638611073

137 babuloseo the Slasher (level 5, -2/39 HPs)
             Began as a Djinni Gladiator on Sept 24, 2021.
             Was a Follower of Makhleb.
             Slain by a phantom (5 damage)
             ... on level 3 of the Dungeon.
             The game lasted 00:04:03 (3640 turns).

babuloseo the Slasher (Djinni Gladiator)            Turns: 3640, Time: 00:04:04

Health: -2/39      AC:  9    Str: 13    XL:     5   Next: 44%
Gold:   130        EV:  6    Int: 11    God:    Makhleb [*.....] SH:  0 Dex: 14

rFire    + + .     SeeInvis .   a - +0 long sword
rCold    x . .     Faith    .   (no shield)
rNeg     . . .     Spirit   .   f - +0 chain mail
rPois    ∞         Reflect  .   c - +0 helmet
rElec    .         Harm     .   (no cloak)
rCorr    .         Rampage  .   (no gloves)
Will     .....                  (boots unavailable)
Stlth    ..........             (no amulet)
HPRegen  0.13/turn              (no ring)
MPRegen  0.00/turn              (no ring)

@: flying
A: sickness immunity, fire resistance 2, cold vulnerability 1, float, innate
caster, hp casting, extra vitality 1
a: Renounce Religion


You were on level 3 of the Dungeon.
You worshipped Makhleb.
Makhleb was aware of your devotion.
You visited 1 branch of the dungeon, and saw 4 of its levels.

You collected 130 gold pieces.

Inventory:

Hand Weapons
 a - a +0 long sword (weapon)
Missiles
 d - 3 throwing nets (quivered)
Armour
 b - a +0 leather armour
 c - a +0 helmet (worn)
 f - a +0 chain mail (worn)
Scrolls
 e - 5 scrolls of identify {unknown}
 h - a scroll of noise {unknown}
 j - a scroll of fog {unknown}
 k - a scroll of amnesia {unknown}


   Skills:
 + Level 2.6 Fighting
 + Level 4.3 Long Blades
 + Level 1.6 Throwing
 + Level 1.6 Armour
 + Level 3.6 Dodging


You had one spell level left.
You knew the following spells:

 Your Spells              Type           Power      Damage    Failure   Level
a - Beastly Appendage     Tmut           0%         N/A       100%        1
b - Static Discharge      Conj/Air       0%         N/A       100%        2
Your spell library was empty.


Dungeon Overview and Level Annotations

Branches:
Dungeon (4/15)
 Temple: D:4-7

Altars:
Hepliaklqana
Makhleb

Annotations:
D:4 Sigmund


Innate Abilities, Weirdness & Mutations

You are immune to sickness and miasma.
You are immune to poison.
Your flesh is very heat resistant. (rF++)
You are vulnerable to cold. (rC-)
You float through the air rather than walking.
You learn spells naturally, not from books.
Your magical power is your life essence.
You have superior vitality. (+4 HP)


Message History

The phantom hits you but does no damage.
Okay, then.
Okay, then.
It was a potion of resistance.
You feel protected. The phantom barely misses you.
You riposte.
You hit the phantom.
The phantom is heavily damaged.
It was a potion of attraction.
You feel attractive to monsters. The phantom hits you.
The phantom blinks!
You blink.
You barely miss the phantom.
The phantom is heavily damaged.
The phantom hits you!
The phantom blinks!
You blink.
The phantom hits you but does no damage.
The phantom hits you!
* * * LOW HITPOINT WARNING * * *
The phantom blinks!
You blink.
It was a potion of cancellation.
Your magical effects are unravelling.
You feel magically purged.
Your resistance to elements expires.
The phantom hits you.
* * * LOW HITPOINT WARNING * * *
The phantom blinks!
You blink.
You feel less attractive to monsters.
You hit the phantom but do no damage.
The phantom is heavily damaged.
The phantom barely misses you.
You riposte.
You slash the phantom!
The phantom is severely damaged.
You hit the phantom.
The phantom is almost destroyed.
The phantom hits you.
* * * LOW HITPOINT WARNING * * *
The phantom blinks!
You blink.
Unknown command.
Unknown command.
You completely miss the phantom.
The phantom is almost destroyed.
The phantom hits you but does no damage.
The phantom hits you.
You die...

#.#..## ##...........
##.....#####..####......
#............## #......
#..........#######......
#............##.....##.#
######...###....#..###.#
#........###)## #.#
##...........####..
#W@..##.###..#.....
########.#.###.###..#.....
##..§.........#.##.........
##...§.........#.#..#...)...
#.......<§.....#...#..#.....
#....................##.....
#...............##..........
#>..............##..##......
#................##..##.....


You could see a phantom.

Vanquished Creatures
  2 gnolls
  4 adders (D:2)
  An ufetubus (D:3)
  A dart slug (D:1)
  2 worms
  4 orcs (D:3)
  2 endoplasms (D:1)
  7 giant cockroaches
  11 hobgoblins
  A quokka (D:4)
  3 ball pythons
  4 bats
  4 frilled lizards
  8 goblins
  5 kobolds
  7 rats
66 creatures vanquished.

Notes
Turn   | Place    | Note
-------+----------+-------------------------------------------
     0 | D:1      | babuloseo the Djinni Gladiator began the quest for the Orb.
     0 | D:1      | Reached XP level 1. HP: 18/18 MP: 0/0
   309 | D:1      | Reached XP level 2. HP: 20/23 MP: 0/0
   310 | D:1      | Reached skill level 3 in Long Blades
   994 | D:2      | Reached XP level 3. HP: 28/28 MP: 0/0
   994 | D:2      | Learned a level 1 spell: Beastly Appendage
  1456 | D:2      | Reached XP level 4. HP: 29/33 MP: 0/0
  1685 | D:2      | Reached skill level 4 in Long Blades
  2056 | D:3      | Reached skill level 1 in Armour
  2219 | D:3      | Reached XP level 5. HP: 37/39 MP: 0/0
  2219 | D:3      | Learned a level 2 spell: Static Discharge
  2596 | D:3      | Found a faded altar of an unknown god.
  2694 | D:3      | Found a hazy altar of Hepliaklqana.
  2826 | D:3      | Became a worshipper of Makhleb the Destroyer
  2826 | D:3      | Reached * piety under Makhleb
  3125 | D:4      | Noticed a phantom
  3325 | D:4      | Noticed Sigmund
  3640 | D:3      | Slain by a phantom

Illustrated notes

Levels and vault maps discovered:
D:1:      dpeg_arrival_refuge, layout_basic, minmay_split_cup_large
D:2:      layout_loops_ring
D:3:      cheibrodos_helix_gallery, layout_rooms,
          nicolae_hepliaklqana_hippocampus, chequers_ecumenical_altar_grove,
          chequers_serial_rivers_small_3, minmay_pentomino_pile
D:4:      layout_basic, kennysheep_small_spiral, uniq_pikel, uniq_sigmund

Skill      XL: |  1  2  3  4 |
---------------+-------------+-----
Long Blades    | 3 4 |  4.3
Armour         | 1 |  1.6
Fighting       | |  2.6
Throwing       | |  1.6
Dodging        | |  3.6

Action                   |  1- 3 |  4- 6 || total
-------------------------+-------+-------++-------
Melee: Long sword        |    92 |   153 ||   245
Throw: Throwing net      |       |     1 ||     1
  Use: Potion            |       |     5 ||     5
       Scroll            |       |     1 ||     1
Armor: Leather armour    |     3 |       ||     3
       Chain mail        |    55 |   112 ||   167
Dodge: Dodged            |    50 |    70 ||   120
       Rpst.: Long sword |    19 |    29 ||    48
